 Dungeon Crawl Stone Soup version 0.28-a0-46-g7b1be97da7 (webtiles) character file.

Game seed: 3712824487503953180

1414 wakim the Insei (level 8, -1/48 HPs)
             Began as an Octopode Transmuter on July 30, 2021.
             Slain by an ice beast (8 damage)
             ... on level 6 of the Dungeon.
             The game lasted 00:16:55 (6820 turns).

wakim the Insei (Octopode Transmuter)               Turns: 6820, Time: 00:16:55

Health: -1/48      AC:  1    Str:  9    XL:     8   Next: 71%
Magic:  11/11      EV: 19    Int: 15    God:
Gold:   310        SH:  5    Dex: 15    Spells: 3/11 levels left

rFire   . . .      SeeInvis .     - Unarmed
rCold   . . .      Faith    +   o - +0 buckler
rNeg    . . .      Spirit   .   (helmet currently unavailable)
rPois   .          Reflect  .   l - amulet of faith
rElec   .          Harm     .   e - ring of resist corrosion
rCorr   +          Rampage  .   n - ring of wizardry
Will    .....                   p - +4 ring of evasion
Stlth   +++.......              (no ring)
HPRegen 0.16/turn               (no ring)
MPRegen 0.12/turn               (no ring)
                                (no ring)
                                (no ring)

@: appendages (expiring)
A: tentacle spike 3, almost no armour, amphibious, 8 rings, camouflage 1,
gelatinous body 1, (nimble swimmer 1), tentacles
a: End Transformation


You were on level 6 of the Dungeon.
One of your tentacles had grown a beastly spike.
You visited 1 branch of the dungeon, and saw 6 of its levels.

You collected 310 gold pieces.

Inventory:

Hand Weapons
 a - a +0 hunting sling
Missiles
 j - 81 sling bullets
Armour
 o - a +0 buckler (worn)
Jewellery
 e - a ring of resist corrosion (left tentacle)
 l - an amulet of faith (around mantle)
 n - a ring of wizardry (right tentacle)
 p - a +4 ring of evasion (on tentacle)
Wands
 u - a wand of mindburst (10)
 z - a wand of polymorph (4) (quivered)
Scrolls
 b - 2 scrolls of magic mapping {unknown}
 Q - 2 scrolls of immolation {!r!r}
 W - a scroll of holy word
Potions
 c - 2 potions of mutation {unknown}
 d - a potion of lignification {unknown}
 f - a potion of might {unknown}
 g - 2 potions of haste {unknown}
 h - a potion of ambrosia {unknown}
 i - a potion of flight {unknown}
 k - 2 potions of brilliance {unknown}
 B - 2 potions of attraction {!q}
 F - 2 potions of curing


   Skills:
 - Level 1.0 Fighting
 + Level 5.3 Dodging
 - Level 3.0 Stealth
 - Level 4.0 Shields
 + Level 7.3 Unarmed Combat
 - Level 2.0 Spellcasting
 - Level 4.0 Transmutations
 - Level 2.0 Poison Magic


You had 3 spell levels left.
You knew the following spells:

 Your Spells              Type           Power      Damage    Failure   Level
a - Beastly Appendage     Tmut           26%        N/A       1%          1
c - Ice Form              Ice/Tmut       7%         N/A       34%         4
x - Spider Form           Tmut/Pois      5%         N/A       8%          3

Your spell library contained the following spells:

 Spells                   Type           Power      Damage    Failure   Level
 Wereblood                Tmut           13%        N/A       2%          2
 Dazzling Flash           Conj/Hex       2%         N/A       26%         3
 Iskenderun's Mystic Bla  Conj/Tloc      1%         2d3       61%         4
 Starburst                Conj/Fire      0%         8x6d3     100%        6


Dungeon Overview and Level Annotations

Branches:
Dungeon (6/15)
 Temple: D:4-7

Altars:
Cheibriados
Hepliaklqana
Nemelex Xobeh
Okawaru
Sif Muna
Vehumet

Shops:
D:4 [

Annotations:
D:3 Grinder
D:5 exclusion: 3 doors


Innate Abilities, Weirdness & Mutations

One of your tentacles has grown a beastly spike.
You cannot wear most types of armour.
You are amphibious.
You can wear up to eight rings at the same time.
Your skin changes colour to match your surroundings (Stealth+).
Your rubbery body absorbs attacks. (AC +1, EV +1)
((You are camouflaged near water. (Stealth+)))
You have tentacles for arms and can constrict up to eight enemies at once.


Message History

The sky beast is heavily wounded.
The sky beast misses you.
You tentacle-slap the sky beast.
You tentacle-slap the sky beast, but do no damage.
You squeeze the sky beast.
The sky beast is almost dead.
The sky beast barely misses you.
You tentacle-slap the sky beast.
You kill the sky beast!
You tentacle-slap the ice beast but do no damage.
Your tentacle spike misses the ice beast.
You tentacle-slap the ice beast. Your squeeze misses the ice beast.
The ice beast is moderately wounded.
The ice beast misses you.
You barely miss the ice beast.
You pierce the ice beast.
You squeeze the ice beast!
The ice beast is severely wounded.
The ice beast closely misses you.
You tentacle-slap the ice beast.
Your tentacle spike misses the ice beast.
The ice beast is severely wounded.
The ice beast hits you. The ice beast freezes you!
You tentacle-slap the ice beast but do no damage.
You pierce the ice beast, but do no damage.
The ice beast is severely wounded.
Your transformation is almost over.
The ice beast hits you. The ice beast freezes you!
* * * LOW HITPOINT WARNING * * *
You tentacle-slap the ice beast but do no damage.
You pierce the ice beast, but do no damage.
Your squeeze misses the ice beast.
The ice beast is severely wounded.
The ice beast hits you.
* * * LOW HITPOINT WARNING * * *
The ice beast freezes you!
* * * LOW HITPOINT WARNING * * *
You feel better. The ice beast hits you.
* * * LOW HITPOINT WARNING * * *
The ice beast freezes you!
You die...

#######.....# #...........##
#####............#
....#........#...#
#..........# ..#
##..>.?...###.##
##....).........##
#####..######..##....##
..#...########.#@###..#.#####
....##...#...#.##Y).......>.#
....#..........#.###........#
...............##...........#
...............# ###........#
...............# S.........#
###<...........# ##........#
....##.......#.# ..........#
##########..##.# ###.Y...<.#


You could see an ice beast.

Vanquished Creatures
  Eustachio (D:4)
  A sky beast (D:6)
  A black bear (D:4)
  A necrophage (D:5)
  2 ogres (D:5)
  2 centaurs
  A scorpion (D:5)
  2 water moccasin skeletons
  A hound (D:5)
  A jelly (D:6)
  A bullfrog skeleton (D:6)
  Jessica (D:3)
  2 iguanas
  3 orc wizards
  Natasha (thrice) (D:3)
  A gnoll (D:5)
  11 adders
  2 worms
  2 dart slugs (D:1)
  19 orcs
  7 endoplasms
  2 giant cockroaches
  4 goblins (D:1)
  5 hobgoblins
  7 jackals
  3 quokkas
  3 ball pythons
  6 bats
  4 frilled lizards
  4 kobolds
  2 rats
105 creatures vanquished.

Vanquished Creatures (others)
  57 plants (D:3)
57 creatures vanquished.

Grand Total: 162 creatures vanquished

Notes
Turn   | Place    | Note
-------+----------+-------------------------------------------
     0 | D:1      | wakim the Octopode Transmuter began the quest for the Orb.
     0 | D:1      | Reached XP level 1. HP: 13/13 MP: 3/3
   234 | D:1      | Reached XP level 2. HP: 18/18 MP: 3/5
   309 | D:1      | Found a faded altar of an unknown god.
  1254 | D:1      | Reached XP level 3. HP: 23/23 MP: 4/6
  1705 | D:1      | Learned a level 3 spell: Spider Form
  1982 | D:2      | Reached XP level 4. HP: 28/28 MP: 5/7
  2123 | D:2      | Reached skill level 4 in Unarmed Combat
  2470 | D:3      | Noticed Grinder
  2537 | D:3      | Noticed Jessica
  2578 | D:3      | Killed Jessica
  2579 | D:3      | Reached skill level 1 in Poison Magic
  2729 | D:3      | Reached XP level 5. HP: 29/33 MP: 5/8
  2832 | D:3      | Noticed Natasha
  2867 | D:3      | Killed Natasha
  3121 | D:3      | Noticed Natasha
  3127 | D:3      | Killed Natasha
  3340 | D:3      | Noticed Natasha
  3355 | D:3      | Killed Natasha
  3356 | D:3      | Reached XP level 6. HP: 38/38 MP: 6/9
  3578 | D:4      | Reached skill level 5 in Unarmed Combat
  3721 | D:4      | Noticed a black bear
  3734 | D:4      | Killed a black bear
  4010 | D:4      | Learned a level 4 spell: Ice Form
  4113 | D:4      | Found Kumediph's Armour Shop.
  4275 | D:4      | Noticed Eustachio
  4380 | D:4      | Reached skill level 1 in Stealth
  4380 | D:4      | Reached XP level 7. HP: 43/43 MP: 7/10
  4614 | D:4      | Killed Eustachio
  4615 | D:4      | Reached skill level 1 in Shields
  5087 | D:5      | Entered Level 5 of the Dungeon
  5139 | D:5      | Reached skill level 6 in Unarmed Combat
  5528 | D:5      | Reached XP level 8. HP: 48/48 MP: 9/11
  5925 | D:5      | Found a shimmering blue altar of Sif Muna.
  5927 | D:5      | Found a snail-covered altar of Cheibriados.
  5930 | D:5      | Found a hazy altar of Hepliaklqana.
  5933 | D:5      | Found a radiant altar of Vehumet.
  5934 | D:5      | Found an iron altar of Okawaru.
  6234 | D:5      | Identified the +1 leather armour of Lies {rElec rC+}
  6252 | D:5      | Noticed a wyvern
  6360 | D:6      | Found a sparkling altar of Nemelex Xobeh.
  6790 | D:6      | Reached skill level 5 in Dodging
  6790 | D:6      | Reached skill level 7 in Unarmed Combat
  6819 | D:6      | HP: 2/48 [ice beast (11)]
  6820 | D:6      | Slain by an ice beast

Illustrated notes

Levels and vault maps discovered:
D:1:      dpeg_arrival_simpleton_a, layout_basic, shapermc_ecumenical_altar_venn
D:2:      layout_rooms
D:3:      layout_rooms, serial_bayou, serial_bayou_pond_e,
          serial_bayou_lagoon_a, serial_bayou_shore_b, serial_bayou_pond_a,
          uniq_grinder, uniq_natasha, uniq_jessica
D:4:      layout_cave_pods, serial_shops, nicolae_lakefront_shop, uniq_eustachio
D:5:      minmay_chambers_of_threes, layout_loops_corners,
          grunt_temple_overflow_open
D:6:      layout_rooms, nicolae_overflow_crystal_walls, corner_web_ring,
          minmay_manual_maat, uniq_pikel

Skill      XL: |  1  2  3  4  5  6  7  8 |
---------------+-------------------------+-----
Dodging        | 3 5 |  5.3
Unarmed Combat | 4 5 6 7 |  7.3
Poison Magic   | 1 2 |  2.0
Transmutations | 3 4 |  4.0
Stealth        | 1 3 |  3.0
Shields        | 3 4 |  4.0
Fighting       | |  1.0
Spellcasting   | |  2.0

Action                   |  1- 3 |  4- 6 |  7- 9 || total
-------------------------+-------+-------+-------++-------
Melee: Unarmed           |    47 |   129 |   104 ||   280
       Constrict         |    16 |    17 |     7 ||    40
       Kick              |     9 |    24 |    13 ||    46
       Tentacles         |     9 |    14 |     6 ||    29
       Punch             |       |     2 |     2 ||     4
       Hunting sling     |       |     2 |       ||     2
 Fire: Hunting sling     |       |       |    13 ||    13
 Cast: Beastly Appendage |    19 |    25 |     6 ||    50
       Spider Form       |       |     8 |    11 ||    19
  Use: Scroll            |     2 |     1 |     6 ||     9
       Potion            |       |       |     1 ||     1
 Stab: Sleeping          |     4 |     4 |     4 ||    12
Armor: Skin              |     4 |     7 |     9 ||    20
Dodge: Dodged            |    25 |    84 |   120 ||   229
Block: Buckler           |       |       |     6 ||     6

Table legend: (Time is in decaauts)
 A = Elapsed time spent in this place.
 B = Non-inter-level travel time spent in this place.
 C = Inter-level travel time spent in this place.
 D = Time resting spent in this place.
 E = Time spent auto-exploring this place.
 F = Levels seen in this place.
 G = Mean time per level.
                   A        B        C        D        E       F      G
               +--------+--------+--------+--------+--------+-----+--------+
         Total |   6797 |   6438 |    359 |   1017 |   4163 |   6 | 1132.8 |
       Dungeon |   6797 |   6438 |    359 |   1017 |   4163 |   6 | 1132.8 |
               +--------+--------+--------+--------+--------+-----+--------+

Top non-repeatable levels by time:
     D:1: 1605 daAuts
     D:4: 1560 daAuts
     D:5: 1253 daAuts
     D:2: 1034 daAuts
     D:3: 876 daAuts
     D:6: 466 daAuts
